 Dungeon Crawl Stone Soup version 0.19-a0-1740-g0bcaf2e (webtiles) character file.

50044 hairmachine the Severer (level 14, -33/133 HPs)
             Began as a Hill Orc Fighter on Oct 1, 2016.
             Was the Champion of Okawaru.
             Killed from afar by a green death (44 damage)
             ... with a poison arrow
             ... on level 2 of the Abyss.
             The game lasted 00:57:45 (24959 turns).

hairmachine the Severer (Hill Orc Fighter)         Turns: 24959, Time: 00:57:46

Health: -33/133    AC: 18    Str: 20    XL:     14   Next: 53%
Magic:  17/17      EV:  9    Int:  8    God:    Okawaru [******]
Gold:   1185       SH: 13    Dex: 14    Spells: 0 memorised, 13 levels left

rFire  . . .     SeeInvis .     N - +1 broad axe (venom)
rCold  . . .     Gourm    .     H - +0 plate armour
rNeg   . . .     Faith    .     c - +0 shield
rPois  .         Spirit   .     (no helmet)
rElec  .         Dismiss  .     (no cloak)
rCorr  .         Reflect  .     z - +0 pair of gloves
MR     ++...     Harm     .     D - +0 pair of boots
Stlth  ..........               (no amulet)
                                (no ring)
                                j - ring of protection from magic

@: lethally poisoned (-33 -> -41), about to teleport, very slightly
contaminated, hasted, very quick
A: talons 1
a: Heroism, Finesse, Renounce Religion


You were on level 2 of the Abyss.
You worshipped Okawaru.
Okawaru was exalted by your worship.
You were not hungry.

You visited 3 branches of the dungeon, and saw 18 of its levels.
You visited the Abyss 1 time.

You collected 1622 gold pieces.
You spent 437 gold pieces at shops.

Inventory:

Hand Weapons
 I - a +3 war axe of chopping
 N - a +1 broad axe of venom (weapon)
 R - a +1 war axe of flaming
Armour
 a - a +3 scale mail of poison resistance
 c - a +0 shield (worn)
 z - a +0 pair of gloves (worn)
 D - a +0 pair of boots (worn)
 H - a +0 plate armour (worn)
Jewellery
 j - a ring of protection from magic (left hand)
 s - an uncursed ring of flight
 E - a +3 ring of evasion
 O - an uncursed amulet of faith {unknown}
Wands
 t - a wand of confusion (23/48)
 u - a wand of paralysis (7/24)
 v - a wand of slowing (8/48)
 w - a wand of flame (23/48)
 K - a wand of confusion (13/48)
 S - a wand of iceblast (5/15)
Scrolls
 b - 8 scrolls of identify
 d - a scroll of teleportation
 e - 2 scrolls of enchant weapon
 m - 5 scrolls of magic mapping
 o - 2 scrolls of random uselessness {unknown}
 p - 2 scrolls of fear
 x - 10 scrolls of remove curse
 B - 6 scrolls of recharging
 C - 2 scrolls of blinking {unknown}
 G - a scroll of amnesia
 M - a scroll of holy word {unknown}
Potions
 g - 7 potions of curing
 h - a potion of beneficial mutation
 i - 3 potions of cancellation
 n - a potion of might
 A - 3 potions of mutation
 F - a potion of magic
 J - a potion of cure mutation
 L - 2 potions of flight
 U - 4 potions of lignification
 V - a potion of degeneration
 X - a potion of brilliance
Books
 l - a book of Battle

   Spells                             Type                      Level
   a - Infusion                       Charms                       1
   b - Shroud of Golubria             Charms/Translocation         2
   c - Song of Slaying                Charms                       2
   d - Spectral Weapon                Hexes/Charms                 3
   e - Regeneration                   Charms/Necromancy            3
 y - a book of Cantrips

   Spells                             Type                      Level
   a - Confusing Touch                Hexes                        1
   b - Animate Skeleton               Necromancy                   1
   c - Summon Small Mammal            Summoning                    1
   d - Apportation                    Translocation                1
Comestibles
 f - 15 bread rations
 k - 7 meat rations
 r - 7 fruits
 Y - 2 beef jerkies


   Skills:
 + Level 14.4 Fighting
 + Level 17.0 Axes
 + Level 11.1 Armour
 - Level 5.1 Dodging
 + Level 13.3 Shields
 - Level 5.1 Invocations


You had 13 spell levels left.
You didn't know any spells.

Dungeon Overview and Level Annotations

Branches:
Dungeon (10/15)            Temple (0/1) D:6            Lair (6/6) D:10
 Shoals (0/4) Lair:4        Snake (0/4) Lair:2        Slime (0/5) Lair:6
    Orc (2/2) D:9             Elf (0/3) Orc:2

Altars:
Cheibriados
Elyvilon
Okawaru
Vehumet
Lugonu

Shops:
D:5 *(   D:6 (   D:7 [   D:9 (

Annotations:
Orc:2 Erolcha


Innate Abilities, Weirdness & Mutations

You have sharp toenails.


Message History

A green death comes into view.
The green death roars!
You block the jiangshi's attack. The jiangshi closely misses you.
The jiangshi closely misses you. The jiangshi claws you!
* * * LOW HITPOINT WARNING * * *
The jiangshi draws strength from your injuries!
The green death gestures at you. The bolt of poison hits you!
You are poisoned.
* * * LOW HITPOINT WARNING * * *
You feel better. You block the jiangshi's attack. The jiangshi claws you!
* * * LOW HITPOINT WARNING * * *
The jiangshi draws strength from your injuries!
As you read the scroll of teleportation, it crumbles to dust.
You feel strangely unstable.
You feel the power of the Abyss delaying your translocation!
The green death gestures at you. The poison arrow hits you!
You are poisoned.
You die...

...# .####
#.....##.# ###. #.
###V......#
...####.##...#.#
...
..#.......#....#
.#.
......#.#V.#..#...#
....#.#2##.#.....
#..#...##.. ...
...#####....#
...#.#
#....@.###...#. #
##...### #####.#
#... .# #...# ..#.#
.# .. .# .#


You could see a green death, a jiangshi and a vampire mage.

Vanquished Creatures
  Nessos (Orc:2)
  Snorg (Lair:5)
  8 hydras
  6 death yaks (Lair:2)
  An unseen horror (D:10)
  A swamp dragon (Lair:5)
  A hill giant (D:10)
  An orc knight (Orc:1)
  A lindwurm (Lair:2)
  2 orc sorcerers (Orc:1)
  11 elephants
  4 black mambas
  A centaur skeleton (D:10)
  5 spiny frogs
  7 komodo dragons
  A rime drake (Lair:6)
  3 kobold demonologists (D:10)
  2 trolls
  A shadow dragon simulacrum (Abyss:2)
  A polar bear (Lair:5)
  5 slime creatures
  A raiju (Abyss:2)
  18 blink frogs
  7 hippogriffs
  A snapping turtle (Lair:4)
  A spriggan (D:7)
  2 wyverns (Lair:6)
  16 yaks
  A steam dragon (D:9)
  A small abomination (Abyss:2)
  2 basilisks (Lair:1)
  2 vampire mosquitoes (Lair:5)
  A warg (Orc:1)
  A hungry ghost (D:9)
  9 swamp worms
  3 hell hounds (Abyss:2)
  17 water moccasins
  11 porcupines
  16 orc warriors
  A wasp (D:10)
  A black bear (Lair:3)
  An ice beast (D:8)
  4 sky beasts
  25 wolves
  An eye of draining (D:9)
  A phantom (D:9)
  3 centaurs
  9 ogres
  15 crocodiles
  A big kobold (D:10)
  A gnoll sergeant (D:10)
  12 bullfrogs
  A water moccasin skeleton (D:5)
  4 scorpions
  11 killer bees (D:7)
  3 electric eels
  4 wights (D:9)
  2 howler monkeys
  4 crimson imps
  4 centaur zombies
  2 quasits
  8 hounds
  6 jellies
  16 orc priests
  3 bullfrog skeletons
  6 iguanas
  Terence (D:3)
  8 worker ants
  Natasha (thrice) (D:4)
  13 orc wizards
  A hound zombie (D:7)
  A worker ant zombie (D:6)
  9 gnolls
  51 river rats
  10 adders
  2 shadow imps
  3 adder zombies
  17 worms
  4 dart slugs
  3 leopard geckos
  69 orcs
  5 ball pythons
  A bat zombie (D:1)
  5 giant cockroaches
  6 goblins
  11 hobgoblins
  3 jackals (D:10)
  5 quokkas
  3 bats
  6 frilled lizards
  4 kobolds
  A leopard gecko skeleton (D:7)
  2 quokka skeletons
  5 rats
  6 fungi
  4 plants
585 creatures vanquished.

Vanquished Creatures (others)
  A bush (Lair:6)
  A demonic plant (D:10)
  8 fungi
  2 plants
  6 starspawn tentacles (Abyss:2)
18 creatures vanquished.

Grand Total: 603 creatures vanquished

Notes
Turn   | Place    | Note
-------+----------+-------------------------------------------
     0 | D:1      | hairmachine the Hill Orc Fighter began the quest for the Orb.
     0 | D:1      | Reached XP level 1. HP: 19/19 MP: 1/1
    21 | D:1      | Reached skill level 3 in Axes
    80 | D:1      | Reached XP level 2. HP: 17/26 MP: 2/2
   249 | D:1      | Reached skill level 4 in Axes
   431 | D:1      | Reached XP level 3. HP: 31/31 MP: 3/3
  1066 | D:2      | Reached skill level 5 in Axes
  1266 | D:2      | Reached XP level 4. HP: 39/39 MP: 4/4
  1627 | D:1      | Reached skill level 6 in Axes
  2240 | D:3      | Noticed Terence
  2252 | D:3      | Killed Terence
  2252 | D:3      | Reached XP level 5. HP: 35/45 MP: 5/5
  2264 | D:3      | Reached skill level 7 in Axes
  2781 | D:4      | Found an iron altar of Okawaru.
  2788 | D:4      | Became a worshipper of Warmaster Okawaru
  2875 | D:4      | Noticed Natasha
  2896 | D:4      | Killed Natasha
  3089 | D:4      | Noticed Natasha
  3101 | D:4      | Killed Natasha
  3101 | D:4      | Reached skill level 8 in Axes
  3101 | D:4      | Reached XP level 6. HP: 51/51 MP: 6/6
  3209 | D:4      | Reached skill level 9 in Axes
  3669 | D:4      | Noticed Natasha
  3676 | D:4      | Killed Natasha
  3676 | D:4      | Reached XP level 7. HP: 50/58 MP: 7/7
  3898 | D:4      | Reached * piety under Okawaru
  3906 | D:5      | Entered Level 5 of the Dungeon
  4107 | D:5      | Found Haoffes's Assorted Antiques.
  4115 | D:5      | Bought a potion of curing for 69 gold pieces
  4128 | D:5      | Found Joyp Git's Weapon Shop.
  4906 | D:5      | Reached skill level 5 in Fighting
  4906 | D:5      | Reached skill level 10 in Axes
  4906 | D:5      | Reached XP level 8. HP: 55/68 MP: 8/8
  5349 | D:6      | Found Ylotyn's Weapon Boutique.
  5516 | D:6      | Found a staircase to the Ecumenical Temple.
  5736 | D:6      | Reached skill level 5 in Shields
  5750 | D:6      | Reached skill level 5 in Armour
  5903 | D:6      | Reached ** piety under Okawaru
  6091 | D:7      | Noticed a spriggan baker
  6106 | D:7      | Killed a spriggan baker
  6138 | D:7      | Reached skill level 11 in Axes
  6138 | D:7      | Reached XP level 9. HP: 70/78 MP: 9/9
  6237 | D:7      | Reached *** piety under Okawaru
  6986 | D:6      | Gained mutation: You have sharp toenails. [potion of beneficial mutation]
  7091 | D:7      | Found Rolyf's Armour Emporium.
  7946 | D:7      | Reached **** piety under Okawaru
  8388 | D:7      | Bought a +3 scale mail of poison resistance for 368 gold pieces
  8706 | D:8      | Reached XP level 10. HP: 88/88 MP: 10/10
  8782 | D:8      | Reached skill level 1 in Dodging
  8870 | D:8      | Reached skill level 12 in Axes
  9139 | D:9      | Reached skill level 1 in Invocations
  9190 | D:9      | Found a snail-covered altar of Cheibriados.
  9902 | D:9      | Noticed a five-headed hydra
 10439 | D:9      | Killed a five-headed hydra
 10439 | D:9      | Reached ***** piety under Okawaru
 10986 | D:9      | Found Cotocs's Antique Weapon Shoppe.
 11347 | D:9      | Found a staircase to the Orcish Mines.
 11426 | D:10     | Entered Level 10 of the Dungeon
 11437 | D:10     | Reached skill level 5 in Invocations
 11437 | D:10     | Reached XP level 11. HP: 87/99 MP: 14/14
 11464 | D:10     | Reached skill level 13 in Axes
 11550 | D:10     | Received a gift from Okawaru
 11554 | D:10     | Reached skill level 10 in Fighting
 11732 | D:10     | Killed an unseen horror
 11862 | D:10     | Found a corrupted altar of Lugonu.
 11921 | D:10     | Noticed a sun demon
 12031 | D:10     | Noticed a soul eater
 12038 | D:10     | Noticed a sun demon
 12121 | D:10     | Found a white marble altar of Elyvilon.
 12131 | D:10     | Noticed a hill giant
 12153 | D:10     | Killed a hill giant
 12153 | D:10     | Received a gift from Okawaru
 12326 | D:10     | Found a staircase to the Lair.
 12794 | Lair:1   | Entered Level 1 of the Lair of Beasts
 12805 | Lair:1   | Received a gift from Okawaru
 13232 | Lair:1   | Reached skill level 10 in Shields
 13456 | Lair:1   | Received a gift from Okawaru
 13459 | Lair:1   | Reached skill level 14 in Axes
 14004 | Lair:1   | Reached XP level 12. HP: 105/110 MP: 15/15
 14238 | Lair:2   | Noticed a death yak
 14265 | Lair:2   | Killed a death yak
 14402 | Lair:2   | Noticed a death yak
 14419 | Lair:2   | Killed a death yak
 14420 | Lair:2   | Noticed a death yak
 14420 | Lair:2   | Noticed a death yak
 14420 | Lair:2   | Noticed a death yak
 14420 | Lair:2   | Noticed a death yak
 14432 | Lair:2   | Killed a death yak
 14438 | Lair:2   | Killed a death yak
 14448 | Lair:2   | Killed a death yak
 14467 | Lair:2   | Killed a death yak
 14467 | Lair:2   | Received a gift from Okawaru
 14467 | Lair:2   | Reached skill level 5 in Dodging
 14937 | Lair:2   | Reached ****** piety under Okawaru
 15202 | Lair:2   | Noticed a six-headed hydra
 15213 | Lair:2   | Killed a one-headed hydra
 15722 | Lair:2   | Found a staircase to the Snake Pit.
 16052 | Lair:2   | Reached skill level 15 in Axes
 17286 | Lair:3   | Reached XP level 13. HP: 117/119 MP: 16/16
 18638 | Lair:4   | Found a staircase to the Shoals.
 18661 | Lair:4   | Received a gift from Okawaru
 19240 | Lair:5   | Found a radiant altar of Vehumet.
 20268 | Lair:5   | Noticed Snorg
 20358 | Lair:5   | Reached skill level 16 in Axes
 20459 | Lair:5   | Received a gift from Okawaru
 20795 | Lair:5   | Reached skill level 10 in Armour
 21077 | Lair:5   | Killed Snorg
 21327 | Lair:5   | Reached XP level 14. HP: 130/130 MP: 17/17
 21541 | Lair:6   | Entered Level 6 of the Lair of Beasts
 22098 | Lair:6   | Found a staircase to the Slime Pits.
 22322 | Lair:6   | Found a frozen archway.
 22837 | Lair:2   | Received a gift from Okawaru
 22841 | Lair:2   | Got a faintly glowing hat {god gift}
 22852 | Lair:2   | Identified the +2 hat of Huckeel {rF- Str+4 Dex+2} (Okawaru gifted it to you on level 2 of the Lair of Beasts)
 23071 | Orc:1    | Entered Level 1 of the Orcish Mines
 23629 | Orc:2    | Entered Level 2 of the Orcish Mines
 23869 | Orc:2    | Found a staircase to the Elven Halls.
 23871 | Orc:2    | Noticed Nessos
 24433 | Orc:2    | Killed Nessos
 24433 | Orc:2    | Reached skill level 17 in Axes
 24688 | Orc:2    | Noticed Erolcha
 24688 | Orc:2    | Cast into level 2 of the Abyss (Erolcha)
 24688 | Abyss:2  | Found a corrupted altar of Lugonu.
 24746 | Abyss:2  | Noticed a tentacled starspawn
 24959 | Abyss:2  | Killed from afar by a green death

Vault maps used:
D:1:      saegor_arrival_fortress
D:3:      uniq_terence
D:4:      first_bread, okawaru_metal_pillars_3, uniq_natasha
D:5:      serial_shops, nicolae_shop_behind_doors, shop
D:6:      serial_shops, shop
D:7:      serial_shops, shop, the_bakery
D:9:      david_orc_4, serial_shops, nicolae_shop_competitors_out_of_business,
          cheibriados_altar_1
D:10:     kennysheep_kobold_lugonu_temple, erik_lair_island, elyvilon_altar_3
Lair:1:   bh_autumn_forest_stairs, grunt_megastairs_5
Lair:2:   dummy_snake_entry, nicolae_volcano_entry_vermiform, st_stairs_4,
          worms_lemuel
Lair:3:   guppyfry_lair_drakes, grunt_megastairs_2, serial_bayou_shore_b,
          infiniplex_staircase_pool
Lair:4:   minmay_shoals_entry_hut
Lair:5:   onia_ninara_swampy_vault, basic_altar, beast_lair_carwin_2, uniq_snorg
Lair:6:   due_jungle_book, minmay_slime_entry_pillars,
          portal_ice_cave_entry_pillars_1, lab_entry_generic, grunt_megastairs_1
Orc:2:    grunt_orc_tribal_feast, mines3_lemuel, uniq_nessos, uniq_erolcha

Skill      XL: |  1  2  3  4  5  6  7  8  9 10 11 12 13 14 |
---------------+-------------------------------------------+-----
Axes           | 3 4 5 6 8 9 10 11 12 14 15 16 17 | 17.0
Fighting       | 5 6 8 9 11 12 13 14 | 14.4
Shields        | 4 5 7 9 10 11 12 13 | 13.3
Armour         | 4 5 7 8 10 11 | 11.1
Dodging        | 1 4 5 |  5.1
Invocations    | 5 |  5.1

Action                   |  1- 3 |  4- 6 |  7- 9 | 10-12 | 13-15 || total
-------------------------+-------+-------+-------+-------+-------++-------
Melee: War axe           |    91 |   213 |   488 |   432 |    37 ||  1261
       Flail             |       |       |       |    23 |       ||    23
       Broad axe         |       |       |       |   382 |   724 ||  1106
Invok: Heroism           |       |       |       |     6 |     4 ||    10
       Finesse           |       |       |       |       |     1 ||     1
Evoke: Wand              |       |       |       |     2 |     4 ||     6
  Use: Potion            |       |     2 |     5 |     3 |     6 ||    16
       Scroll            |       |       |    10 |     2 |    13 ||    25
  Eat: Chunk             |     1 |     8 |    15 |    23 |    18 ||    65
       Pizza             |       |       |       |     1 |       ||     1
       Beef jerky        |       |       |       |     4 |     3 ||     7
       Bread ration      |       |       |       |       |     1 ||     1
Armor: Scale mail        |    14 |       |     3 |   214 |   155 ||   386
       Chain mail        |    38 |   132 |   313 |       |       ||   483
       Plate armour      |       |       |       |       |    41 ||    41
Dodge: Dodged            |    32 |    77 |   128 |   337 |   258 ||   832
Block: Shield            |       |       |   210 |   409 |   465 ||  1084
